[Event "*** Titled Tuesday Blitz"]
[Site "Chess.com"]
[Date "2020.04.28"]
[Round "6"]
[White "rpragchess"]
[Black "Twitch_ElhamBlitz05"]
[Result "1-0"]
[WhiteElo "2833"]
[BlackElo "2722"]
[TimeControl "180+1"]
[EndTime "11:07:10 PDT"]
[Termination "rpragchess won on time"]

1. Nf3 g6 2. e4 Bg7 3. d4 e6 4. Bc4 Ne7 5. Bb3 d5 6. Nbd2 O-O 7. O-O dxe4 8. Nxe4 b6 9. Bg5 Bb7 10. Re1 Nd7 11. Qd2 Re8 12. Qf4 Bd5 13. Qh4 Bxb3 14. axb3 Nf8 15. Bf6 Bxf6 16. Nxf6+ Kg7 17. Nxe8+ Qxe8 18. Qe4 Rd8 19. Qe5+ f6 20. Qxc7 Rd7 21. Qc3 Qf7 22. Qe3 Nd5 23. Qe4 g5 24. h4 h6 25.
c4 Nf4 26. g3 N4g6 27. hxg5 hxg5 28. Rad1 Ne7 29. Kg2 Neg6 30. d5 e5 31. Qf5 Rd6 32. b4 Qc7 33. b3 a5 34. Rh1 axb4 35. Qh3 Kf7 36. Qh7+ 1-0

[Event "*** Titled Tuesday Blitz"]
[Site "Chess.com"]
[Date "2020.04.28"]
[Round "6"]
[White "Sethu0025"]
[Black "MiroVlasenko"]
[Result "0-1"]
[WhiteElo "2814"]
[BlackElo "2613"]
[TimeControl "180+1"]
[EndTime "11:07:10 PDT"]
[Termination "MiroVlasenko won by resignation"]

1. e4 Nc6 2. d4 d5 3. e5 Bf5 4. c3 e6 5. Nf3 Nge7 6. Bd3 Qd7 7.
O-O O-O-O 8. a4 f6 9. Bf4 Bxd3 10. Qxd3 Ng6 11. Bg3 fxe5 12. dxe5 Qf7 13. Nbd2 Be7 14. a5 a6 15. b4 Na7 16. Nd4 c6 17. f4 h5 18. f5 Nf8 19. fxe6 Qg6 20. Nf5 Qxe6 21. Nf3 Nb5 22. Nxe7+ Qxe7 23. Bh4 Qd7 24. Bxd8 Qxd8 25. Nd4 Nxd4 26. cxd4 Ne6 27. Rf2 Qh4 28. Raf1 Re8 29. Qg6 Re7 30. Rd1 Kb8 31. Qg3 Qe4 32. Qd3 Qg4 33.
Qf3 Qh4 34. g3 Qg5 35. Qf5 Qe3 36. Qd3 Qg5 37. Rdf1 Ka7 38. h3 h4 39. g4 Re8 40.
Rf5 Qh6 41. Kg2 Qh7 42. R5f3 Nf4+ 43. Rxf4 Qxd3 44. R1f2 g5 45. Rf7 Qxd4 0-1

[Event "*** Titled Tuesday Blitz"]
[Site "Chess.com"]
[Date "2020.04.28"]
[Round "6"]
[White "Superfelix"]
[Black "belisarius64"]
[Result "1-0"]
[WhiteElo "2484"]
[BlackElo "2612"]
[TimeControl "180+1"]
[EndTime "11:07:10 PDT"]
[Termination "Superfelix won by resignation"]

1. e4 c5 2. Nf3 d6 3. d4 cxd4 4. Nxd4 Nf6 5. f3 Nc6 6. c4 e6 7. Nc3 Be7 8. Be2 O-O 9. Be3 d5 10. cxd5 exd5 11. exd5 Nxd5 12. Nxd5 Qxd5 13. Nxc6 Qxc6 14.
O-O Bc5 15. Bxc5 Qxc5+ 16. Kh1 Bf5 17. Rc1 Qb6 18. Qb3 Rfc8 19. Qxb6 axb6 20. a3 Rc5 21. Rxc5 bxc5 22. Rd1 Re8 23. Rd2 Kf8 24. g3 Re3 25.
Kg1 Be6 26. Kf2 Rb3 27. Bd1 Rb5 28. Ke3 Ke7 29. f4 f6 30. Kd3 Rb6 31. Kc3 Rc6 32. Bf3 Rc7 33. Re2 Kd6 34. Rd2+ Ke7 35. h4 b5 36. Re2 Kf7 37. h5 g6 38. h6 Rd7 39.
Bc6 Bc4 40. Bxd7 Bxe2 41. b4 Ke7 42. Bc6 Kd6 43. Be8 Ke7 44. Bxg6 cxb4+ 45. axb4 Bg4 46.
Bxh7 f5 47. Bg8 Kf6 48. h7 Kg7 49. Kd4 Be2 50. Ke5 Bd3 51. Be6 1-0

[Event "*** Titled Tuesday Blitz"]
[Site "Chess.com"]
[Date "2020.04.28"]
[Round "6"]
[White "Nbk90"]
[Black "mc4chess"]
[Result "0-1"]
[WhiteElo "2559"]
[BlackElo "2417"]
[TimeControl "180+1"]
[EndTime "11:07:10 PDT"]
[Termination "mc4chess won on time"]

1. e4 c5 2. Nf3 e6 3. d4 cxd4 4. Nxd4 a6 5. Bd3 Qc7 6. O-O Nf6 7. Qe2 d6 8. c4 g6 9. Nc3 Bg7 10. Be3 O-O 11. Rac1 Nc6 12. Nxc6 bxc6 13. f4 e5 14.
f5 Rb8 15. Kh1 Re8 16. fxg6 hxg6 17. c5 d5 18. exd5 Nxd5 19. Ne4 Nxe3 20. Qxe3 Rxb2 21. Bc4 Be6 22. Bxe6 Rxe6 23. Ng5 Rf6 24. Qh3 Qd8 25. Qh7+ Kf8 26. Rfd1 Rd2 27. Re1 Rff2 28. Ne4 Rxg2 29.
Nxd2 Rxd2 30. Qh3 Qd5+ 31. Kg1 f5 32. Rf1 e4 33. Rf2 Bd4 34. Qh6+ Kf7 35. Qxd2 e3 36. Qe2 exf2+ 0-1

[Event "*** Titled Tuesday Blitz"]
[Site "Chess.com"]
[Date "2020.04.28"]
[Round "6"]
[White "ChessicallyInclined"]
[Black "Teidi96"]
[Result "1-0"]
[WhiteElo "2537"]
[BlackElo "2248"]
[TimeControl "180+1"]
[EndTime "11:07:10 PDT"]
[Termination "ChessicallyInclined won on time"]

1. d4 d5 2. c4 dxc4 3. e4 e5 4.
Nf3 exd4 5. Bxc4 Nf6 6. e5 Bb4+ 7. Nbd2 Ne4 8. Bxf7+ Kxf7 9. Qb3+ Be6 10. Qxb4 Nxd2 11.
Bxd2 h6 12. Qxb7 Bd5 13. e6+ Kxe6 14. Nxd4+ Kf7 15. Qb4 Re8+ 16. Be3 a5 17. Qc3 Nd7 18. O-O Ne5 19. Rfd1 c6 20. Rac1 Qf6 21. f3 Qg6 22.
Kh1 Nc4 23. Bg1 Rab8 24. b3 Ne5 25. Qxa5 Ra8 26. Qd2 Kg8 27. Re1 Nd7 28. Rxe8+ Rxe8 29. Re1 Rxe1 30. Qxe1 Qf6 31. Qd2 Kf7 32. Nc2 Ne5 33.
Ne1 Qf5 34. Bd4 Nd7 35. Qe3 Qe6 36. Qxe6+ Kxe6 37. Kg1 1-0

[Event "*** Titled Tuesday Blitz"]
[Site "Chess.com"]
[Date "2020.04.28"]
[Round "6"]
[White "ALeks_Ivlev"]
[Black "Kotofeyca"]
[Result "0-1"]
[WhiteElo "2571"]
[BlackElo "2449"]
[TimeControl "180+1"]
[EndTime "11:07:12 PDT"]
[Termination "Kotofeyca won by resignation"]

1. d4 d5 2. c4 c6 3. Nf3 Nf6 4. e3 a6 5. Nbd2 Bg4 6. Bd3 e6 7. h3 Bh5 8. O-O Nbd7 9. Qc2 Bg6 10. b3 Be7 11. Bb2 Bxd3 12. Qxd3 O-O 13. e4 dxe4 14. Nxe4 Nxe4 15. Qxe4 Qa5 16. Rfe1 Ba3 17. Bxa3 Qxa3 18. Ng5 Nf6 19. Qe2 Rfd8 20. Rad1 Rd7 21. Rd2 Rad8 22. Red1 Qa5 23. Nf3 h6 24. Ne5 Rd6 25. c5 Rd5 26.
Nc4 Qc7 27. Nd6 Ne8 28. Ne4 Qf4 29. g3 Qf5 30. Kg2 R5d7 31. f4 Qd5 32. Qf3 Nf6 33. Nc3 Qxf3+ 34. Kxf3 Kf8 35. b4 Ke7 36. a4 Nd5 37.
Nxd5+ Rxd5 38. Ke3 f6 39. b5 axb5 40. axb5 e5 41.
fxe5 fxe5 42. bxc6 bxc6 43. dxe5 Rxd2 44. Rxd2 Rxd2 45.
Kxd2 Ke6 46. Kc3 Kxe5 47. Kb4 Kd4 48. h4 h5 49. Kb3 Kxc5 50. Kc3 Kd5 51. Kd3 Ke5 52. Ke3 Kf5 53. Kf3 c5 0-1

[Event "*** Titled Tuesday Blitz"]
[Site "Chess.com"]
[Date "2020.04.28"]
[Round "6"]
[White "Slovak_fighter2000"]
[Black "Baby_Shak"]
[Result "0-1"]
[WhiteElo "2523"]
[BlackElo "2359"]
[TimeControl "180+1"]
[EndTime "11:07:12 PDT"]
[Termination "Baby_Shak won by checkmate"]

1. d4 d5 2. Nf3 Nc6 3. Bf4 Bg4 4. e3 e6 5. h3 Bxf3 6. Qxf3 Bd6 7. c3 Nf6 8. Nd2 O-O 9. Bd3 e5 10. dxe5 Nxe5 11.
Bxe5 Bxe5 12. g4 Re8 13. O-O-O c6 14. g5 Nd7 15. h4 Qe7 16. h5 Qxg5 17. Rdg1 Qh6 18.
Qf5 Nc5 19. Bc2 Bf6 20. Nf3 Ne4 21. Bxe4 dxe4 22. Nh2 Kh8 23. Ng4 Qg5 24. Qd7 Re7 25. Qd6 Be5 26. Qd1 h6 27. Qc2 Qf5 28. f4 Bc7 29.
Qg2 f6 30. Rh3 Rd8 31. Rg3 Qh7 32. Nf2 Bb6 33. Kc2 Red7 34. Kb3 Qg8+ 35. Kc2 Qxa2 36. Nxe4 Qa4+ 37. Kc1 Rd1+ 38. Rxd1 Rxd1# 0-1

[Event "*** Titled Tuesday Blitz"]
[Site "Chess.com"]
[Date "2020.04.28"]
[Round "6"]
[White "MaxLeto"]
[Black "Irina_Barchuk"]
[Result "1-0"]
[WhiteElo "2363"]
[BlackElo "2193"]
[TimeControl "180+1"]
[EndTime "11:07:12 PDT"]
[Termination "MaxLeto won on time"]

1. g4 d5 2. Bg2 h5 3. gxh5 e5 4. d4 e4 5. c4 Bg4 6. Qb3 Nc6 7. Be3 Bb4+ 8. Nc3 dxc4 9. Qxc4 Be6 10. Qb5 Rb8 11.
Bxe4 a6 12. Bxc6+ bxc6 13. Qxc6+ Kf8 14. Nf3 Rxh5 15. Qxa6 Ne7 16. Ne5 Qd5 17. Rg1 Rxh2 18. a3 Bxc3+ 19. bxc3 Nf5 20. Qc6 Nxe3 21. fxe3 Rb2 22.
Qxd5 Rbxe2+ 23. Kd1 Bxd5 24. c4 Rd2+ 25. Kc1 Rc2+ 26.
Kd1 Be4 27. a4 f6 28. Ng6+ 1-0

[Event "*** Titled Tuesday Blitz"]
[Site "Chess.com"]
[Date "2020.04.28"]
[Round "6"]
[White "Oglob71"]
[Black "tacticthunder"]
[Result "0-1"]
[WhiteElo "2485"]
[BlackElo "2665"]
[TimeControl "180+1"]
[EndTime "11:07:13 PDT"]
[Termination "tacticthunder won by resignation"]

1. d4 Nf6 2. Nf3 e6 3. c4 Bb4+ 4. Nbd2 O-O 5. g3 b6 6. Bg2 Bb7 7. O-O Bxd2 8. Bxd2 a5 9. Bg5 h6 10. Bxf6 Qxf6 11. Qd2 d6 12. Rfd1 Nd7 13. Rac1 Rfe8 14. Qd3 Rab8 15. e4 e5 16. d5 Nc5 17. Qe3 Bc8 18. h3 Rf8 19. b3 Qg6 20. Nh4 Qg5 21. Re1 f5 22. Qxg5 hxg5 23. Nxf5 Nd3 24. g4 g6 25.
Ne7+ Kf7 26. Nc6 Ra8 27. Red1 Nxc1 28. Rxc1 Bd7 29. a3 Bxc6 30. dxc6 Ke7 31. f3 a4 32. b4 b5 33. c5 Rfd8 34. Bf1 Rab8 35. cxd6+ Rxd6 36. Rc5 Kf6 37. Bxb5 Rd2 38. Bc4 Rc2 39. Kf1 Rd8 40. Bd5 Rxc5 41. bxc5 Rb8 42. Ke2 Rb1 43. Kd3 Ra1 44. Kc3 Rxa3+ 45. Kb4 Ra1 46. Kb5 a3 47. Ka6 Ke7 48. Ka5 Rf1 49.
Kb4 Rxf3 50. Bb3 Rxh3 51. Kxa3 Re3 52. Kb4 Rxe4+ 53. Kc3 Rxg4 54. Bc2 Rg3+ 55. Kc4 Kf6 56. Kb5 Rc3 57. Be4 g4 58. Kb4 Rc1 59. Bd5 g3 60.
Kb5 Kf5 0-1

[Event "*** Titled Tuesday Blitz"]
[Site "Chess.com"]
[Date "2020.04.28"]
[Round "6"]
[White "theblitzchamp"]
[Black "GHANDEEVAM2003"]
[Result "0-1"]
[WhiteElo "2680"]
[BlackElo "2854"]
[TimeControl "180+1"]
[EndTime "11:07:14 PDT"]
[Termination "GHANDEEVAM2003 won by resignation"]

1. d4 d5 2. Bf4 Nf6 3. e3 e6 4. Nf3 c5 5. c3 Nc6 6. Nbd2 Nh5 7. Bd3 cxd4 8. cxd4 Nxf4 9. exf4 Qb6 10. O-O Bd6 11.
f5 exf5 12. Re1+ Kf8 13. Nb3 Bd7 14. Ne5 Bxe5 15. dxe5 Re8 16. Qf3 g6 17. Qxd5 Be6 18. Qd6+ Kg7 19. Nc5 Re7 20. Nxe6+ Rxe6 21. Qa3 Rd8 22.
Bc4 Rxe5 23. Rxe5 Nxe5 24. Bb3 Ng4 25. Rf1 Nxf2 26. h3 Nxh3+ 27. Kh2 Ng5 28. Qe7 Qd6+ 29.
Qxd6 Rxd6 30. Kg3 Kf6 31. Rc1 Ne4+ 32. Kf4 Rc6 33. Rd1 Nc5 34. Bd5 Rd6 35. b4 Ne6+ 36. Ke3 h5 37. a4 b6 38. a5 bxa5 39. bxa5 Nc7 40. Bf3 Rxd1 41. Bxd1 Ke5 42. Kd3 f4 43. Kc4 Kd6 44. Kd4 Ne6+ 45. Ke4 f5+ 46. Kf3 g5 47. Ke2 g4 48. Kd3 h4 49. Kc4 f3 50.
gxf3 g3 51. Kb5 g2 52. Ka6 g1=Q 53. f4 Qc5 54. Bb3 0-1

[Event "*** Titled Tuesday Blitz"]
[Site "Chess.com"]
[Date "2020.04.28"]
[Round "6"]
[White "GMaka"]
[Black "lupta_robin"]
[Result "0-1"]
[WhiteElo "2343"]
[BlackElo "2552"]
[TimeControl "180+1"]
[EndTime "11:07:14 PDT"]
[Termination "lupta_robin won by resignation"]

1. d4 Nf6 2. Bf4 g6 3. Nc3 d5 4. e3 Bg7 5. h4 c6 6. Be2 h5 7. Nf3 Bg4 8. Ng5 Bxe2 9. Nxe2 Qb6 10. b3 c5 11. c3 Nc6 12. O-O O-O 13. f3 Rfd8 14.
Qd2 Rac8 15. Rfc1 Nd7 16. Bg3 e5 17. Bf2 Qa6 18. a4 b6 19. Rcb1 Na5 20. Qe1 Re8 21.
dxc5 Nxc5 22. b4 Nd3 23. Qd2 Nxf2 24. bxa5 Nd3 25. Rb5 e4 26. Rxd5 Nc5 27. fxe4 Nb3 28. Qd1 Nxa1 29. Nd4 Qc4 30. Qxa1 Qxc3 31. Qxc3 Rxc3 32.
axb6 axb6 33. Kf2 Rc4 34. Rd7 Rf8 35. Rb7 Rxa4 36. Rxb6 Rxd4 0-1

[Event "*** Titled Tuesday Blitz"]
[Site "Chess.com"]
[Date "2020.04.28"]
[Round "6"]
[White "tsvet2005"]
[Black "Filip_Covic"]
[Result "1-0"]
[WhiteElo "2503"]
[BlackElo "2327"]
[TimeControl "180+1"]
[EndTime "11:07:14 PDT"]
[Termination "tsvet2005 won on time"]

1. d4 Nf6 2. c4 e6 3. Nc3 d5 4. cxd5 exd5 5. Bg5 Be7 6. e3 c6 7. Bd3 Nbd7 8. Nge2 Nf8 9. Qc2 Ne6 10. Bh4 g6 11.
O-O Ng7 12. f3 O-O 13. Rad1 Nf5 14. Bf2 Be6 15. e4 Ng7 16. Nf4 Rc8 17. Rfe1 Re8 18.
Qa4 Qb6 19. Qc2 Qc7 20. Bg3 Qb6 21. Bf2 dxe4 22. fxe4 Ng4 23. Na4 Qc7 24. Bg3 Qd7 25.
Bf1 h5 26. h3 h4 27. Nxe6 Nxe6 28. hxg4 hxg3 29. Qd3 c5 30. d5 Nd4 31. Nc3 Qxg4 32. Re3 Bd6 33. e5 Bxe5 34. Ne4 Bf4 35. Nf6+ Kg7 36. Nxg4 Bxe3+ 37. Nxe3 1-0

[Event "*** Titled Tuesday Blitz"]
[Site "Chess.com"]
[Date "2020.04.28"]
[Round "6"]
[White "HouseOfDurin"]
[Black "aquaticpineapples"]
[Result "0-1"]
[WhiteElo "2049"]
[BlackElo "2222"]
[TimeControl "180+1"]
[EndTime "11:07:15 PDT"]
[Termination "aquaticpineapples won on time"]

1. d4 d5 2. Bg5 c5 3. c3 Nc6 4. h4 f6 5. Bf4 e5 6. dxe5 fxe5 7. Bg5 Be7 8. e3 Nf6 9. Bb5 a6 10. Bxc6+ bxc6 11. Nf3 Qc7 12. Qa4 e4 13. Ne5 Bb7 14. Bf4 Bd6 15. Nc4 Bxf4 16. exf4 dxc4 17. Nd2 O-O-O 18.
O-O-O Qxf4 19. Qxc4 Rd5 20. Qe2 Rhd8 21. g3 Qe5 22.
Rhe1 Re8 23. Kc2 a5 24. Nf1 Kb8 25. Ne3 Rxd1 26. Rxd1 Ka7 27. Qc4 Ba6 28. Qa4 Bd3+ 29.
Kc1 Kb6 30. Qb3+ Ka6 31. Nc4 Bxc4 32. Qxc4+ Kb6 33. Qb3+ Ka7 34. Qa4 Qc7 35. Qc4 Qb6 36. Re1 Nd5 37. Rxe4 Rxe4 38. Qxe4 Qb5 39. Qxh7 Qf1+ 40.
Kc2 Qxf2+ 41. Kb3 Qxg3 42. Qg8 Nb6 0-1

[Event "*** Titled Tuesday Blitz"]
[Site "Chess.com"]
[Date "2020.04.28"]
[Round "6"]
[White "BillieKimbah"]
[Black "Leonid_Starozhilov"]
[Result "1-0"]
[WhiteElo "2845"]
[BlackElo "2605"]
[TimeControl "180+1"]
[EndTime "11:07:16 PDT"]
[Termination "BillieKimbah won by resignation"]

1. d4 Nf6 2. c4 g6 3. Nc3 Bg7 4. e4 d6 5. Be2 O-O 6. h4 h5 7. Nf3 Bg4 8. Be3 Nc6 9. d5 Bxf3 10. gxf3 Ne5 11. f4 Neg4 12. Bc1 c6 13. f3 Nh6 14. Be3 cxd5 15. cxd5 Rc8 16. Qd2 Kh7 17. Rg1 Qa5 18. f5 Nd7 19. Rc1 Rg8 20. fxg6+ fxg6 21. f4 Bf6 22.
Kd1 Bxc3 23. bxc3 Nf6 24. Bd3 Nhg4 25. Bd4 Rcf8 26. Re1 a6 27. Rc2 Rc8 28. Kc1 b5 29. Kb1 Rc7 30. f5 Ne5 31. Bxe5 dxe5 32. Rg1 b4 33. Rxg6 Rxg6 34. fxg6+ Kg7 35. cxb4 Qb6 36. Rxc7 Qxc7 37. Qc2 Qb6 38. Qc5 Qb7 39. a4 Kxg6 40. Kc2 Kg7 41. a5 Qd7 42. Kc3 Qa4 43. Qxe7+ Kg6 44.
Qe6 Qa3+ 45. Kc4 Qc1+ 46. Kb3 Qd1+ 47. Bc2 Qf3+ 48. Kb2 Qf4 49. Qf5+ Qxf5 50. exf5+ Kf7 51. b5 axb5 52. a6 Ne8 53. d6 1-0

[Event "*** Titled Tuesday Blitz"]
[Site "Chess.com"]
[Date "2020.04.28"]
[Round "6"]
[White "tomsishere"]
[Black "Baby_Legs"]
[Result "0-1"]
[WhiteElo "2432"]
[BlackElo "2695"]
[TimeControl "180+1"]
[EndTime "11:07:16 PDT"]
[Termination "Baby_Legs won by resignation"]

1. d4 Nf6 2. c4 e6 3. Nc3 Bb4 4. Qc2 d6 5. Nf3 O-O 6. g3 Nbd7 7. Bg2 e5 8. dxe5 dxe5 9. O-O c6 10. b3 Re8 11. Bb2 Qc7 12. Rad1 Bf8 13. a3 a5 14. Na4 Nc5 15. Nxc5 Bxc5 16. Ng5 g6 17. e3 Bf5 18.
e4 Bg4 19. Rde1 Rad8 20. Kh1 Bd4 21. Bc1 Bc8 22. f4 exf4 23. gxf4 Nh5 24. e5 Bf5 25.
Be4 Bxe4+ 26. Qxe4 f5 27. Qg2 Bc5 28. e6 Rd3 29. Nf3 Rxb3 30. Qc2 a4 31. Bb2 Bxa3 32. Bxa3 Rxa3 33. Qb2 Rb3 34. Qd4 c5 35. Qd5 Nxf4 36. Qd2 Nxe6 37. Qd5 Qc6 38. Qxc6 bxc6 39. Ng5 Nc7 40.
Rxe8+ Nxe8 41. Ne6 a3 42. Nxc5 Rc3 43. Ra1 Rxc4 44.
Na4 Rxa4 0-1

[Event "*** Titled Tuesday Blitz"]
[Site "Chess.com"]
[Date "2020.04.28"]
[Round "6"]
[White "NemtsevIgor"]
[Black "harvsp123"]
[Result "0-1"]
[WhiteElo "2362"]
[BlackElo "2529"]
[TimeControl "180+1"]
[EndTime "11:07:16 PDT"]
[Termination "harvsp123 won by resignation"]

1. d4 g6 2. Nf3 Bg7 3. c3 d6 4. e4 Nc6 5. Bc4 e5 6. Bg5 Nge7 7. h3 h6 8. Be3 O-O 9. O-O exd4 10. Nxd4 Ne5 11. Bb3 d5 12. f4 Nc4 13. Bxc4 dxc4 14.
f5 c5 15. f6 Bxf6 16. Rxf6 cxd4 17. cxd4 Nc6 18. e5 Nxe5 19. Qf1 Nd3 20. Nc3 Kg7 21. Rf3 Bf5 22. Rxf5 gxf5 23. Qxf5 Qf6 24. Qg4+ Qg6 25. Qf3 Rae8 26. Rf1 f5 27. Bf4 Nxf4 28. Qxf4 Rf7 29. Nd5 b5 30. a4 Re4 31. Qf3 Rxd4 32. Nf4 Qd6 33. Qg3+ Kh7 34. h4 Rg7 35. Qf3 Re4 36. h5 Qd4+ 37. Kh2 Rg4 38. Ng6 Rh4+ 39. Qh3 Rxh3+ 40.
Kxh3 Qd3+ 41. Rf3 Re3 0-1

[Event "*** Titled Tuesday Blitz"]
[Site "Chess.com"]
[Date "2020.04.28"]
[Round "6"]
[White "MITerryble"]
[Black "xamax2000"]
[Result "0-1"]
[WhiteElo "2864"]
[BlackElo "2732"]
[TimeControl "180+1"]
[EndTime "11:07:17 PDT"]
[Termination "xamax2000 won on time"]

1. e4 c5 2. Nf3 e6 3. Nc3 Nc6 4. Bb5 Nge7 5. O-O d6 6. d4 cxd4 7. Nxd4 a6 8. Be2 Nxd4 9. Qxd4 Nc6 10. Qe3 Be7 11. Qg3 O-O 12. Bf4 Qc7 13. Rad1 Ne5 14.
Kh1 b5 15. a3 Bb7 16. Be3 Rfe8 17. f4 Nc4 18. Bd4 Bf8 19. Bxc4 Qxc4 20. Rd3 a5 21. b3 Qc6 22. f5 e5 23. Be3 b4 24. Nd5 Qxc2 25. Rd2 Qxb3 26. Nf6+ Kh8 27. Nxe8 Rxe8 28. axb4 axb4 29. f6 g6 30. Bh6 Qc4 31. Bg7+ Kg8 32. Re1 Bxg7 33. fxg7 Bxe4 34. Rxd6 b3 35. Qf2 Bf5 36.
Rb6 Be6 37. h3 e4 38. Qe3 Kxg7 39. Qxe4 Qxe4 40. Rxe4 Rc8 41. Re3 Rc2 0-1

[Event "*** Titled Tuesday Blitz"]
[Site "Chess.com"]
[Date "2020.04.28"]
[Round "6"]
[White "Sanyura"]
[Black "viktorskliarov"]
[Result "1-0"]
[WhiteElo "2499"]
[BlackElo "2630"]
[TimeControl "180+1"]
[EndTime "11:07:18 PDT"]
[Termination "Sanyura won by checkmate"]

1. e4 c5 2. Nf3 Nc6 3. d4 cxd4 4. Nxd4 Nf6 5. Nc3 e5 6. Ndb5 d6 7. Nd5 Nxd5 8. exd5 Nb8 9. a4 Be7 10. Bd2 O-O 11.
a5 a6 12. Na3 f5 13. Be2 Nd7 14.
O-O Bg5 15. Nc4 Bxd2 16. Qxd2 Nc5 17. f4 Ne4 18. Qb4 exf4 19. Bf3 Nc5 20. Rae1 g5 21. Bh5 Ne4 22. Bf3 Nc5 23. Bh5 Qf6 24. c3 Bd7 25. Qb6 Bb5 26. Nxd6 Bxf1 27. Qxc5 Bd3 28. Re6 Qg7 29. Ne8 Raxe8 30. Bxe8 Be4 31. Re7 Qf6 32. d6 f3 33. d7 f2+ 34. Kxf2 g4 35. d8=Q Qh4+ 36.
Kf1 Qxh2 37. Bf7+ Kg7 38. Qcd4+ Kh6 39. Re6# 1-0

[Event "*** Titled Tuesday Blitz"]
[Site "Chess.com"]
[Date "2020.04.28"]
[Round "6"]
[White "Piotrek1979"]
[Black "JiaHaoxiang"]
[Result "0-1"]
[WhiteElo "2405"]
[BlackElo "2581"]
[TimeControl "180+1"]
[EndTime "11:07:19 PDT"]
[Termination "JiaHaoxiang won by checkmate"]

1. e4 c5 2. Nf3 e6 3. d3 Nc6 4. g3 d5 5. Qe2 Nf6 6. Bg2 Be7 7. O-O O-O 8. e5 Nd7 9. h4 b5 10. Bf4 a5 11. a4 bxa4 12. Nc3 a3 13.
bxa3 Rb8 14. Rab1 Ba6 15. Rxb8 Qxb8 16. Nxd5 exd5 17. e6 Qd8 18. exd7 Qxd7 19. Ne5 Nd4 20. Nxd7 Nxe2+ 21. Kh2 Rd8 22. Ne5 Nxf4 23. gxf4 Bxh4 24. Rb1 Bc8 25. Nc6 Rd6 26. Rb8 Rxc6 27. Bxd5 Rc7 28.
Bb7 Bxf2 29. f5 g6 30. f6 Bd4 31. Bxc8 Bxf6 32. Ba6+ Kg7 33. Bc4 Re7 34. Kg2 h5 35.
Kf3 Bd4 36. Ra8 g5 37. Rxa5 Re3+ 38. Kg2 Re2+ 39. Kf1 Rf2+ 40. Ke1 Rxc2 41. Ra7 Rf2 42. Rd7 Rf6 43. a4 h4 44. Ke2 g4 45. a5 g3 46.
Bd5 h3 47. a6 g2 48. a7 Rf2+ 49. Kd1 g1=Q# 0-1

[Event "*** Titled Tuesday Blitz"]
[Site "Chess.com"]
[Date "2020.04.28"]
[Round "6"]
[White "Olga_Girya"]
[Black "Ave_Mariia"]
[Result "1-0"]
[WhiteElo "2459"]
[BlackElo "2292"]
[TimeControl "180+1"]
[EndTime "11:07:19 PDT"]
[Termination "Olga_Girya won by resignation"]

1. d4 Nf6 2. c4 g6 3. Nc3 Bg7 4.
e4 d6 5. Be2 O-O 6. Be3 Na6 7.
Nf3 e5 8. d5 Nc5 9. Nd2 a5 10.
b3 Ne8 11. a3 f5 12. f3 fxe4 13. Ndxe4 Nxe4 14. Nxe4 Nf6 15. O-O Bf5 16. Bd3 Qd7 17. Qc2 Nh5 18. g3 Bh3 19. Rf2 h6 20. Re1 Rf7 21.
Qd2 Raf8 22. Bxh6 Rxf3 23. Rxf3 Rxf3 24. Bxg7 Kxg7 25. Ng5 Rf6 26. Be2 Bg4 27. Bf1 Rf3 28.
Qc2 Bf5 29. Qb2 Bg4 30. Nxf3 Bxf3 31. Qf2 e4 32. Qd4+ Kh7 33. Qe3 Qg4 34. Bg2 Nxg3 35. hxg3 Qxg3 36. Qf2 Qg4 37. Kf1 Qf4 38. Bxf3 exf3 39.
Re3 1-0

[Event "*** Titled Tuesday Blitz"]
[Site "Chess.com"]
[Date "2020.04.28"]
[Round "6"]
[White "Vaathi_Coming"]
[Black "Koksik_13"]
[Result "0-1"]
[WhiteElo "2853"]
[BlackElo "2720"]
[TimeControl "180+1"]
[EndTime "11:07:20 PDT"]
[Termination "Koksik_13 won on time"]

1. d4 e6 2. e4 d5 3. e5 c5 4. c3 Qb6 5. Nf3 Nh6 6. Bd3 Nc6 7. O-O cxd4 8. cxd4 Nf5 9. Bxf5 exf5 10. Nc3 Be6 11.
a3 Be7 12. b4 h6 13. h4 g5 14. b5 Na5 15. hxg5 hxg5 16. Bxg5 Bxg5 17. Nxg5 Nc4 18. Qd3 O-O-O 19. f4 Rdg8 20. Rf2 Rh4 21. g3 Rh5 22. Kg2 Rgh8 23. Kf3 Kb8 24. a4 Qa5 25. Rb1 Rh1 26. Rxh1 Rxh1 27. Kg2 Rc1 28. Rf3 Qc7 29. Nd1 Qa5 30. Ne3 Qe1 31. Nf1 Qb4 32. Rf2 Qxa4 33.
Qf3 Qxb5 34. Qh5 a5 35. Qh8+ Ka7 36. Qf8 Rxf1 37. Kxf1 Ne3+ 0-1

[Event "*** Titled Tuesday Blitz"]
[Site "Chess.com"]
[Date "2020.04.28"]
[Round "6"]
[White "Fy_Rakotomaharo"]
[Black "Abdimalik_Abdisalimov"]
[Result "1-0"]
[WhiteElo "2653"]
[BlackElo "2784"]
[TimeControl "180+1"]
[EndTime "11:07:20 PDT"]
[Termination "Fy_Rakotomaharo won by resignation"]

1. e4 e5 2. Nf3 Nc6 3. Bb5 Nf6 4.
O-O Nxe4 5. Re1 Nd6 6. Nxe5 Be7 7. Bf1 Nf5 8. Nf3 O-O 9. d4 d5 10. c3 Bd6 11. Qc2 Qf6 12. Bd3 h6 13. Nbd2 Nce7 14. Ne5 Ng6 15. Ndf3 c6 16. Bd2 Nfh4 17. Nxh4 Nxh4 18.
f4 Rd8 19. Re2 Bf5 20. Rae1 h5 21. a4 Bxd3 22. Qxd3 Qf5 23. Qg3 Qf6 24. a5 Nf5 25. Qg5 Qxg5 26. fxg5 Re8 27. Bf4 Bxe5 28. Rxe5 Rxe5 29.
Bxe5 Re8 30. Ra1 Ne3 31. b3 Ng4 32. Bf4 Re4 33. g3 a6 34. h3 Ne3 35. Re1 Nf5 36. Rxe4 dxe4 37. Kf2 Ne7 38. c4 f5 39. gxf6 gxf6 40. Bd6 Nf5 41. Bc5 Kf7 42. d5 cxd5 43.
cxd5 Ne7 44. d6 Nd5 45. d7 1-0

[Event "*** Titled Tuesday Blitz"]
[Site "Chess.com"]
[Date "2020.04.28"]
[Round "6"]
[White "Frogo47"]
[Black "albi1999"]
[Result "0-1"]
[WhiteElo "2484"]
[BlackElo "2648"]
[TimeControl "180+1"]
[EndTime "11:07:20 PDT"]
[Termination "albi1999 won by resignation"]

1. e4 e5 2. Nf3 Nc6 3. Bb5 a6 4. Ba4 d6 5. c3 Bd7 6. O-O g6 7. d4 Bg7 8. Re1 Nf6 9. d5 Ne7 10. Bxd7+ Nxd7 11. c4 O-O 12. Nc3 h6 13. a4 a5 14. Rb1 f5 15. b4 axb4 16. Rxb4 b6 17. Nd2 Kh7 18. Nb3 fxe4 19. Nxe4 Nf5 20. Bd2 Rf7 21.
Qc2 Qh4 22. g3 Qh3 23. Qd3 Raf8 24. Qf1 Qxf1+ 25. Rxf1 Ra8 26. Ra1 Nd4 27. Nxd4 exd4 28. f4 Re7 29. Nf2 Re2 30. Rd1 Nc5 31. Kf1 Re7 32. Ra1 d3 33. Ra2 Bd4 34. Be1 Rae8 35. Rb1 Re2 36. Rxe2 dxe2+ 37. Kg2 Nxa4 38. Rb3 Nc5 39.
Ra3 Kg7 40. Kf3 Kf6 41. g4 g5 42. fxg5+ hxg5 43. h3 Kg6 44. Kg2 Re7 45. Kf3 Kh6 46.
Kg2 Ne4 47. Nxe4 Rxe4 48. Kf3 Re7 49. Ra2 Re3+ 50. Kg2 Kg6 51. Ra7 b5 52. Rxc7 b4 53.
Rb7 b3 54. Bf2 Rd3 55. Rb5 b2 56. h4 Bxf2 57. Kxf2 Rd1 58. h5+ Kh6 0-1

[Event "*** Titled Tuesday Blitz"]
[Site "Chess.com"]
[Date "2020.04.28"]
[Round "6"]
[White "JulAnt"]
[Black "erlesfar"]
[Result "0-1"]
[WhiteElo "2507"]
[BlackElo "2368"]
[TimeControl "180+1"]
[EndTime "11:07:20 PDT"]
[Termination "erlesfar won on time"]

1. e4 d5 2. exd5 Qxd5 3. Nc3 Qa5 4. g3 Nf6 5. Bg2 c6 6. h3 Bf5 7. Nge2 e6 8. O-O Nbd7 9. a3 Bd6 10. d3 Qc7 11. b4 h5 12. b5 Nd5 13. bxc6 bxc6 14. Ne4 Be7 15. c4 N5f6 16. Bf4 e5 17. Be3 Nxe4 18.
dxe4 Be6 19. Qc2 h4 20. f4 f6 21. g4 Bc5 22. Bxc5 Nxc5 23. Qc3 O-O 24. f5 Bf7 25. Kh2 Rfd8 26. Rfd1 Rab8 27. Qe3 Qa5 28. Rdc1 Rd3 29. Qf2 Rb2 30. Re1 Rg3 31. Qf1 Nd3 32. Nxg3 hxg3+ 33. Kxg3 Bxc4 34. Re3 Nf4 35. Qxc4+ Kh7 36. Bf1 Qd2 37.
Rf3 Qh2+ 38. Kh4 Rf2 39. Qb3 g5+ 40. fxg6+ Nxg6+ 41. Kh5 Nf4+ 42. Kh4 Kh6 0-1

[Event "*** Titled Tuesday Blitz"]
[Site "Chess.com"]
[Date "2020.04.28"]
[Round "6"]
[White "FROGGY64"]
[Black "Zarikovs1999"]
[Result "1-0"]
[WhiteElo "2451"]
[BlackElo "2278"]
[TimeControl "180+1"]
[EndTime "11:07:20 PDT"]
[Termination "FROGGY64 won on time"]

1. d4 Nf6 2. Bg5 Ne4 3. Bf4 c5 4. f3 Nf6 5. d5 d6 6. e4 Qb6 7.
b3 Nbd7 8. c3 g6 9. Nd2 Bg7 10.
Ne2 a6 11. Qc2 Nh5 12. Be3 Qc7 13. a4 Rb8 14. g4 Nhf6 15. h4 h5 16. gxh5 Nxh5 17.
f4 Ndf6 18. a5 Ng4 19. Bg1 Bh6 20. f5 gxf5 21. exf5 Qd7 22. Bh3 Qxf5 23. Ne4 Qe5 24. Rd1 Bf5 25. Bg2 Nf4 26. Nxf4 Bxf4 27. Qe2 Bxe4 28. Qxe4 Qxc3+ 29. Kf1 Qf6 30. Qf3 Ne5 31. Qf2 Ng4 32. Qf3 Ne5 33. Qf2 Kd7 34. Bh3+ Ke8 35. Bg2 Kd8 36. Bh2 Bxh2 37. Qxf6 exf6 38. Rxh2 Ke7 39.
Ke2 Rbg8 40. h5 Rg4 41. Rc1 Rh6 42. Rc3 Rg5 43. Bf3 Nxf3 44. Rxf3 Rhxh5 45. Re3+ Re5 46.
Rxh5 1-0